AoeStats
← 一条固执的鱼

African Clearing

505613687Analyzed
3v3 RM · 22d ago on Sep 10, 2026· 53m 57s· 6 players
Game mode
Random Map
Map size
Normal (6 player)
Population
200
Speed
Normal
Resources
Standard
Victory
Conquest
Starting age
Dark Age
Ending age
Imperial Age
RankedLock teamsTeams togetherTeam positionsShared explorationLock speedFull tech treeHidden civsTurbo modeCheats
Victory
Defeat
🇨🇳 Poles · China
1230
+13
🇨🇳 Inca · China
1222
+13
🇨🇳 Lithuanians · China
1209
+13
🇦🇷 Mapuche · Argentina
1185
-14
🇪🇸 Burmese · Spain
1153
-13
🇨🇿 Jurchens · Czechia
1121
-12
eugenibeto
6:14 Loom
14:26 Feudal Age
20:17 Castle Age
19:14 Stone Mining
26:06 Wheelbarrow
26:42 Town Watch
27:49 Horse Collar
28:46 Hand Cart
29:12 Town Patrol
29:41 Heavy Plow
31:03 Gold Mining
34:41 Imperial Age
33:09 Squires
32:55 Gambesons
33:38 Scale Mail Armor
33:44 Scale Barding Armor
34:41 Gold Shaft Mining
35:01 Chain Mail Armor
35:01 Forging
34:21 Pikeman
36:14 Crop Rotation
36:02 Chain Mail Armor
35:16 Halberdier
36:52 Husbandry
37:03 Bloodlines
37:34 Iron Casting
38:48 Chain Barding Armor
39:29 Blast Furnace
39:08 Elite Battle Elephant
40:34 Howdah
42:57 Plate Barding Armor
42:53 Plate Mail Armor
44:18 Plate Mail Armor
44:19 Conscription
46:42 Fletching
46:52 Padded Archer Armor
50:32 Bodkin Arrow
51:30 Murder Holes
51:26 Heated Shot
52:43 Bracer
54:06 Ballistics
CzechNoris
8:50 Loom
11:45 Feudal Age
13:48 Double-Bit Axe
19:15 Castle Age
19:02 Scale Barding Armor
19:08 Forging
20:29 Bow Saw
20:54 Bloodlines
25:38 Horse Collar
26:10 Fletching
28:05 Wheelbarrow
27:16 Town Watch
28:11 Heavy Plow
29:06 Gold Mining
29:07 Stone Mining
29:43 Padded Archer Armor
31:11 Town Watch
31:42 Hand Cart
32:10 Husbandry
33:24 Chain Barding Armor
34:47 Iron Casting
34:07 Bodkin Arrow
36:55 Leather Archer Armor
37:04 Ballistics
39:22 Imperial Age
36:54 Town Patrol
40:45 Bracer
40:35 Elite Iron Pagoda
41:31 Heavy Cavalry Archer
44:16 Two-Man Saw
43:47 Crop Rotation
43:53 Stone Shaft Mining
43:55 Gold Shaft Mining
45:21 Elite Fire Lancer
45:27 Pikeman
46:41 Halberdier
Fury
3:33 Loom
15:46 Feudal Age
16:32 Double-Bit Axe
16:27 Champi Runner
17:36 Scale Mail Armor
22:20 Castle Age
22:31 Forging
23:12 Bow Saw
22:57 Pikeman
24:21 Arson
24:52 Horse Collar
26:26 Wheelbarrow
25:45 Gold Mining
27:18 Fletching
28:18 Hand Cart
28:30 Bodkin Arrow
30:25 Ballistics
30:24 Stone Mining
35:15 Chain Mail Armor
35:35 Iron Casting
38:10 Imperial Age
38:46 Malon
42:09 Conscription
一条固执的鱼
13:32 Feudal Age
19:11 Castle Age
17:10 Double-Bit Axe
17:30 Horse Collar
19:20 Loom
25:03 Heavy Plow
25:21 Bow Saw
29:11 Wheelbarrow
34:50 Imperial Age
32:38 Hand Cart
32:44 Gold Mining
32:44 Stone Mining
33:24 Forging
33:15 Scale Mail Armor
34:24 Arson
34:40 Squires
35:03 Chain Mail Armor
35:24 Iron Casting
36:35 Fabric Shields
36:27 Pikeman
38:15 Blast Furnace
37:46 Plate Mail Armor
36:41 Elite Kamayuk
37:27 Halberdier
38:48 Conscription
39:20 Crop Rotation
39:26 Gold Shaft Mining
39:26 Stone Shaft Mining
38:43 Town Watch
41:22 Fletching
41:33 Padded Archer Armor
44:12 Town Patrol
54:54 Coinage
809591945
4:45 Loom
12:05 Feudal Age
16:57 Castle Age
15:08 Double-Bit Axe
16:47 Horse Collar
17:14 Town Watch
18:22 Bow Saw
26:21 Wheelbarrow
25:50 Heavy Plow
28:05 Szlachta Privileges
29:19 Bloodlines
29:09 Husbandry
30:10 Scale Barding Armor
30:16 Forging
32:18 Chain Barding Armor
35:02 Iron Casting
41:52 Imperial Age
41:59 Cavalier
45:57 Crop Rotation
47:32 Hand Cart
47:13 Gold Mining
48:28 Blast Furnace
52:07 Conscription
沉着 冷静
13:12 Feudal Age
16:47 Castle Age
15:07 Double-Bit Axe
15:20 Horse Collar
16:44 Loom
19:03 Bow Saw
24:52 Scale Barding Armor
24:58 Forging
25:00 Town Watch
25:52 Wheelbarrow
27:02 Heavy Plow
28:39 Iron Casting
29:35 Gold Mining
29:35 Stone Mining
30:01 Bloodlines
31:18 Husbandry
31:42 Hand Cart
34:37 Imperial Age
33:00 Chain Barding Armor
34:10 Fletching
35:08 Stone Shaft Mining
35:59 Plate Barding Armor
34:46 Cavalier
34:49 Elite Leitis
35:50 Conscription
38:15 Guilds
38:40 Fletching
40:31 Chemistry
39:27 Bodkin Arrow
39:51 Treadmill Crane
42:57 Bracer
43:19 Ballistics
43:55 Padded Archer Armor
44:01 Tower Shields
46:25 Leather Archer Armor
47:47 Coinage
46:48 Capped Ram
49:14 Banking
49:28 Ring Archer Armor
52:20 Hill Forts
Connection lost

Rejoining the realm…

Still unreachable

The connection could not be restored.

Session expired

The server has moved on; the page needs a fresh start.